 Dungeon Crawl Stone Soup version 0.30.1-11-g7821555f0a (webtiles) character file.

Game seed: 15539670152502918991

12609 KyoPewz the Unseen (level 11, -18/54 HPs)
             Began as a Felid Enchanter on Oct 31, 2023.
             Was a High Priest of Dithmenos.
             Demolished by a catoblepas (32 damage)
             ... on level 3 of the Lair of Beasts.
             The game lasted 01:13:52 (16427 turns).

KyoPewz the Unseen (Felid Enchanter)               Turns: 16427, Time: 01:13:53

Health: -18/54     AC:  7    Str: 11    XL:     11   Next: 64%
Magic:  9/16       EV: 24    Int: 19    God:    Dithmenos [*****.]
Gold:   922        SH:  0    Dex: 19    Spells: 0/16 levels left
                                        Lives:  0   Deaths: 3

rFire   + .          .
                       - Unarmed
rCold   + . .        (shield unavailable)
rNeg    . . .        (body armour unavailable)
rPois   +            (helmet unavailable)
rElec   .            (cloak unavailable)
rCorr   .            (gloves unavailable)
SInv    +            (boots unavailable)
Will    +....        z - amulet of regeneration
Stlth   ++++++++++   f - ring of Xom's Fair Game {rF+ AC+4 Str+3 Int+2}
HPRegen 1.09/turn    J - ring of Nolelu Paufi {rPois Str+2 SInv}
MPRegen 0.15/turn

%: no passive effects
@: confusing by touch, marked, wreathed by umbra, quick
A: very small, claws 1, fangs 3, see invisible, speed 1, shaggy fur 3, stealthy
paws, no weapons or thrown items, no armour, multi-lived
a: Renounce Religion, Shadow Step, Shadow Form


You were on level 3 of the Lair of Beasts.
You worshipped Dithmenos.
Dithmenos was extremely pleased with you.
You visited 3 branches of the dungeon, and saw 15 of its levels.
You also visited: Ice Cave.

You collected 1048 gold pieces.
You spent 126 gold pieces at shops.

Inventory:

Jewellery
 c - a +5 ring of evasion
 f - the ring of Xom's Fair Game (left paw) {rF+ AC+4 Str+3 Int+2}
   (You acquired it on level 1 of the Lair of Beasts)

   [ring of protection]

   AC:        It affects your AC (+4).
   Str:       It affects your strength (+3).
   Int:       It affects your intelligence (+2).
   rF:        It protects you from fire.
 s - a +6 ring of dexterity
 z - an amulet of regeneration (around neck)
 F - a ring of protection from fire
 J - the ring of Nolelu Paufi (right paw) {rPois Str+2 SInv}
   (You acquired it on level 1 of the Lair of Beasts)

   [ring of poison resistance]

   Str:       It affects your strength (+2).
   rPois:     It protects you from poison.
   SInv:      It lets you see invisible.
Wands
 h - a wand of iceblast (6)
 n - a wand of flame (21)
 x - a wand of quicksilver (6)
 I - a wand of polymorph (5)
 N - a wand of mindburst (3)
Scrolls
 b - 4 scrolls of immolation
 d - 3 scrolls of magic mapping
 g - 3 scrolls of fear
 j - 2 scrolls of fog
 k - a scroll of amnesia {unknown}
 p - a scroll of noise {unknown}
 t - 7 scrolls of teleportation
 u - a scroll of torment {unknown}
 y - 3 scrolls of butterflies
 A - a scroll of vulnerability
 B - 3 scrolls of blinking
 H - 3 scrolls of poison
Potions
 a - 2 potions of invisibility
 e - 3 potions of brilliance
 i - a potion of haste {unknown}
 l - 3 potions of heal wounds
 m - 4 potions of flight
 o - a potion of resistance {unknown}
 q - 6 potions of curing
 v - a potion of might {unknown}
 D - a potion of lignification {unknown}
 E - a potion of berserk rage {unknown}
 G - 2 potions of mutation
 L - a potion of cancellation {unknown}
Miscellaneous
 K - a piece from Xom's chessboard (15/15)
 M - a phantom mirror


   Skills:
 - Level 10.0 Fighting
 - Level 10.0 Dodging
 + Level 15.1 Stealth
 - Level 10.0 Unarmed Combat
 - Level 3.0 Spellcasting
 - Level 12.0 Hexes
 - Level 3.0 Translocations
 - Level 2.0 Ice Magic
 + Level 1.0 Air Magic
 + Level 5.5 Invocations
 + Level 6.2 Evocations


You couldn't memorise any spells.
You knew the following spells:

 Your Spells              Type           Power      Damage    Failure   Level
a - Ensorcelled Hibernat  Hex/Ice        58%        N/A       1%          2
b - Blink                 Tloc           28%        N/A       7%          2
c - Confusing Touch       Hex            48%        N/A       1%          3
d - Tukima's Dance        Hex            48%        N/A       1%          3
e - Dazzling Flash        Conj/Hex       50%        N/A       3%          3
s - Swiftness             Air            6%         N/A       30%         3

Your spell library contained the following spells:

 Spells                   Type           Power      Damage    Failure   Level
 Leda's Liquefaction      Hex/Erth       12%        N/A       13%         4
 Ozocubu's Armour         Ice            10%        N/A       21%         3
 Vhi's Electric Charge    Tloc/Air       20%        N/A       21%         3
 Passwall                 Tmut/Erth      1%         N/A       22%         2
 Metabolic Englaciation   Hex/Ice        14%        N/A       24%         5
 Call Canine Familiar     Summ           2%         N/A       41%         3
 Manifold Assault         Tloc           14%        N/A       41%         4
 Arcjolt                  Conj/Air       2%         1d12      98%         5
 Plasma Beam              Fire/Air       2%         2x1d13    100%        6
 Simulacrum               Ice/Necr       3%         N/A       100%        6
 Ozocubu's Refrigeration  Ice            5%         4d8       100%        7
 Storm Form               Tmut/Air       2%         N/A       100%        7
 Portal Projectile        Hex/Tloc       Unusable   N/A       N/A         3

Dungeon Overview and Level Annotations

Branches:
Dungeon (11/15)            Temple (1/1) D:6            Lair (3/5) D:9
 Spider (0/4) Lair:2          Orc (0/2) D:9           IceCv (visited)
  Swamp: Lair:2-3    Shoals: Lair:2-3

Altars:
Ashenzari
Cheibriados
Dithmenos
Elyvilon
Fedhas
Gozag
Hepliaklqana
Kikubaaqudgha
Makhleb
Nemelex Xobeh
Okawaru
Qazlal
Ru
Sif Muna
Trog
Uskayaw
Vehumet
Wu Jian
Xom
Yredelemnul
Zin
The Shining One

Shops:
D:3 *   D:4 ((   D:5 =

Annotations:
D:6 3 runed translucent doors, technautist's ghost, novice GnCj
Lair:2 exclusion: orb spider


Innate Abilities, Weirdness & Mutations

You have sharp claws.
You have razor-sharp teeth.
You have supernaturally acute eyesight. (SInv)
You cover ground quickly. (Speed+)
Your thick and shaggy fur keeps you warm. (AC +3, rC+)
Your paws help you pounce on unaware monsters.
You are incapable of wielding weapons or throwing items.
You cannot wear armour.
You gain extra lives every three experience levels.


Message History

The polar bear is engulfed in calcifying dust.
The polar bear is moving more slowly.
The polar bear barely misses you.
The polar bear claws you but does no damage.
The polar bear barely misses you. The catoblepas closely misses you.
Press: ? - help, v - describe, . - travel
Here: a catoblepas (severely wounded, chance to confuse on hit: 10%, umbra)
The floor, spattered with blood.
Unknown command.
Unknown command.
You scratch the catoblepas but do no damage.
The catoblepas is severely wounded.
The catoblepas breathes a plume of calcifying dust at you.
The blast of calcifying dust hits you!
The polar bear is engulfed in calcifying dust.
The polar bear stops moving altogether!
You take 6 damage, and have 43/54 hp.
The catoblepas gores you.
You take 2 damage, and have 41/54 hp.
You scratch the catoblepas but do no damage.
The catoblepas is severely wounded.
The catoblepas breathes a plume of calcifying dust at you.
The blast of calcifying dust hits you but does no damage.
You completely miss the catoblepas. You claw the catoblepas!
The catoblepas is almost dead.
The catoblepas gores you.
You take 3 damage, and have 40/54 hp.
You scratch the catoblepas but do no damage.
The catoblepas is almost dead.
The catoblepas gores you!!
Ouch! That really hurt!
* * * LOW HITPOINT WARNING * * *
You emit a cloud of dark smoke.
You take 27 damage, and have 13/54 hp.
MASSIVE DAMAGE!!
Press: ? - help, v - describe, . - travel
Here: a catoblepas (black smoke, severely wounded, chance to confuse on hit: 10%, umbra)
The floor, spattered with blood.
Unknown command.
The catoblepas gores you!!
Ouch! That really hurt!
You die...

≈~# .####...§. #....# Y~#
...#...#§# ####..
........§# ##. #......§#
## ## #.?....##.# .## #.
###..!..§..# #..# #.
#......§§.## #..# #####
.§§§§§§§YhP## P..## #....
......§§§@..###....###..?♣
......####......P.# #P..♣P
..!..# ##....### #....P
...## #....## #.P... ..
##....## #.<... .
#....P#####...♣P
#..##...#.......♣
#.###.....#...#... #..
##.#..........


You could see a catoblepas and a polar bear (petrified).

Vanquished Creatures
  A frost giant (IceCv)
  A two-headed ogre (D:10)
  Erica (D:8)
  5 death yaks (IceCv)
  A skyshark (Lair:3)
  Pikel (D:7)
  A black mamba (Lair:2)
  A torpor snail (Lair:2)
  4 cane toads
  4 rime drakes
  Psyche (D:10)
  2 komodo dragons
  2 trolls (D:10)
  Prince Ribbit (D:7)
  A hornet (Lair:2)
  9 polar bears (IceCv)
  5 blink frogs (Lair:2)
  4 dream sheep (Lair:2)
  A shadow (D:10)
  36 yaks
  Grum (D:8)
  2 vampire mosquitoes
  2 chaos spawn (D:8)
  A steam dragon (Lair:2)
  10 water moccasins
  6 orc warriors
  A sky beast (D:7)
  3 black bears
  2 ogres
  2 centaurs
  23 wolves
  3 phantoms
  A lemure (D:7)
  2 kobold brigands
  6 bullfrogs
  A gnoll sergeant (D:9)
  A scorpion (D:6)
  3 wights (D:9)
  11 killer bees
  2 electric eels (Lair:1)
  8 howler monkeys
  A lava snake (D:8)
  4 jellies
  6 orc priests
  3 gnoll boudas
  6 hounds
  Jessica (D:3)
  7 orc wizards
  A sleepcap (D:6)
  6 iguanas
  A wolf simulacrum (Lair:1)
  19 gnolls
  8 adders
  A shadow imp (D:6)
  A white imp (D:6)
  An ufetubus (D:5)
  3 worms
  40 orcs
  7 endoplasms
  5 giant cockroaches
  3 goblins
  3 hobgoblins
  14 kobolds
  3 quokkas
  7 ball pythons
  3 bats
  5 frilled lizards
  6 rats
338 creatures vanquished.

Vanquished Creatures (collateral kills)
  An ice statue (IceCv)
  A wight (D:9)
2 creatures vanquished.

Vanquished Creatures (others)
  A dancing weapon (D:9)
1 creature vanquished.

Grand Total: 341 creatures vanquished

Notes
Turn   | Place    | Note
-------+----------+-------------------------------------------
     0 | D:1      | KyoPewz the Felid Enchanter began the quest for the Orb.
     0 | D:1      | Reached XP level 1. HP: 7/7 MP: 4/4
   244 | D:1      | Reached XP level 2. HP: 11/11 MP: 6/6
   286 | D:1      | Reached skill level 5 in Stealth
   445 | D:1      | Learned a level 2 spell: Ensorcelled Hibernation
   937 | D:2      | Reached skill level 6 in Stealth
   937 | D:2      | Reached XP level 3. HP: 14/14 MP: 7/7
  1505 | D:2      | Learned a level 3 spell: Tukima's Dance
  1566 | D:3      | Found Saphoth's General Store.
  1575 | D:3      | Bought a scroll of fear for 44 gold pieces
  1575 | D:3      | Bought a scroll of blinking for 82 gold pieces
  1704 | D:3      | Reached XP level 4. HP: 18/18 MP: 8/8
  1777 | D:3      | Reached skill level 7 in Stealth
  1873 | D:3      | Noticed Jessica
  1894 | D:3      | Killed Jessica
  1974 | D:3      | Found a shimmering altar of Xom.
  2081 | D:3      | Found a hazy altar of Hepliaklqana.
  2497 | D:3      | Reached skill level 8 in Stealth
  2592 | D:3      | Reached XP level 5. HP: 21/21 MP: 6/9
  2667 | D:4      | Found Jomnuiw's Weapon Boutique.
  2733 | D:4      | Found Kiulogec's Weapon Boutique.
  2788 | D:4      | Noticed a phantom
  2852 | D:3      | Learned a level 3 spell: Confusing Touch
  2894 | D:4      | Killed from afar by an orc priest
  2895 | D:4      | Reached XP level 4. HP: 0/18 MP: 4/8
  2895 | D:4      | Found a radiant altar of Vehumet.
  3079 | D:4      | Reached skill level 9 in Stealth
  3117 | D:4      | Noticed a phantom
  3169 | D:4      | Killed a phantom
  3170 | D:4      | Reached skill level 1 in Fighting
  3170 | D:4      | Reached XP level 5. HP: 9/22 MP: 7/9
  3239 | D:4      | Reached skill level 5 in Hexes
  3349 | D:4      | Gained mutation: You are covered in thick fur. (AC +2)
                  | [Felid growth]
  3349 | D:4      | Reached XP level 6. HP: 26/26 MP: 10/10
  3836 | D:5      | Entered Level 5 of the Dungeon
  4131 | D:5      | Reached XP level 7. HP: 31/31 MP: 11/11
  4411 | D:5      | Found Fetwat's Jewellery Emporium.
  4929 | D:6      | Found a runed translucent gate.
  4929 | D:6      | Found a runed translucent gate.
  4930 | D:6      | Found a runed translucent gate.
  4934 | D:6      | Noticed technautist's ghost (novice GnCj)
  4938 | D:6      | Noticed a purple ugly thing
  4989 | D:6      | Found a staircase to the Ecumenical Temple.
  4998 | Temple   | Entered the Ecumenical Temple
  5197 | Temple   | Became a worshipper of Dithmenos the Shadowed
  5359 | D:6      | Found a burning altar of Makhleb.
  5359 | D:6      | Noticed a blizzard demon
  5545 | D:6      | Found a broken altar of Ashenzari.
  5579 | D:6      | Reached XP level 8. HP: 36/36 MP: 13/13
  5756 | D:6      | Learned a level 2 spell: Blink
  5863 | D:6      | Reached skill level 5 in Unarmed Combat
  5863 | D:6      | Reached skill level 1 in Ice Magic
  6075 | D:6      | Reached skill level 5 in Fighting
  6206 | D:7      | Noticed Pikel
  6246 | D:7      | Killed Pikel
  6377 | D:7      | Reached * piety under Dithmenos
  6418 | D:7      | Reached XP level 9. HP: 40/40 MP: 14/14
  6544 | D:7      | Found an opulent altar of Gozag.
  6591 | D:7      | Found an ancient bone altar of Kikubaaqudgha.
  6729 | D:7      | Noticed Prince Ribbit
  6742 | D:7      | Killed Prince Ribbit
  6830 | D:8      | Found a shimmering altar of Xom.
  6835 | D:8      | Noticed Grum
  6836 | D:8      | Found the +7 mace of Variability {chaos, chaos arc}
  6856 | D:7      | Reached skill level 10 in Stealth
  7047 | D:8      | Killed Grum
  7296 | D:8      | Noticed Erica
  7317 | D:8      | Killed Erica
  7318 | D:8      | Reached skill level 11 in Stealth
  7358 | D:8      | Reached XP level 10. HP: 47/47 MP: 1/15
  8059 | D:8      | Identified the +6 plate armour of Twilight {rC+ Int+5 Dex-3
                  | Slay+2}
  8392 | D:8      | Reached ** piety under Dithmenos
  8458 | D:8      | Learned a level 3 spell: Dazzling Flash
  8550 | D:9      | Noticed a death yak
  8561 | D:9      | Found a staircase to the Lair.
  8697 | D:9      | Found a staircase to the Orcish Mines.
  8800 | D:9      | Noticed a death yak
  8813 | D:9      | Noticed a death yak
  9201 | D:9      | Reached skill level 12 in Stealth
  9585 | D:9      | Noticed a death yak
  9588 | D:9      | Noticed a death yak
 10351 | D:9      | Reached *** piety under Dithmenos
 10563 | D:10     | Entered Level 10 of the Dungeon
 10652 | D:10     | Found an iron altar of Okawaru.
 10865 | D:10     | Reached skill level 13 in Stealth
 10917 | D:10     | Reached skill level 10 in Unarmed Combat
 11125 | D:10     | Reached XP level 11. HP: 44/53 MP: 9/16
 11285 | D:10     | Noticed Psyche
 11299 | D:10     | Killed Psyche
 11511 | D:10     | Noticed a two-headed ogre
 11519 | D:10     | Killed a two-headed ogre
 11860 | D:11     | Noticed a two-headed ogre
 12021 | Lair:1   | Entered Level 1 of the Lair of Beasts
 12039 | Lair:1   | Reached skill level 5 in Dodging
 12073 | Lair:1   | Identified 2 scrolls of acquirement
 12144 | Lair:1   | Reached skill level 10 in Fighting
 12238 | Lair:1   | Found a frozen archway.
 12250 | Lair:1   | Acquired the ring of Nolelu Paufi {rPois Str+2 SInv}
 12254 | Lair:1   | Acquired the ring of Xom's Fair Game {rF+ AC+4 Str+3 Int+2}
 12260 | IceCv    | Entered an ice cave
 12290 | IceCv    | Reached **** piety under Dithmenos
 13326 | IceCv    | Noticed a death yak
 13326 | IceCv    | Noticed a death yak
 13408 | IceCv    | Reached skill level 10 in Hexes
 13545 | IceCv    | Killed a death yak
 13644 | IceCv    | Killed a death yak
 13645 | IceCv    | Gained mutation: Your thick and shaggy fur keeps you warm.
                  | (AC +3, rC+) [Felid growth]
 13645 | IceCv    | Reached XP level 12. HP: 19/58 MP: 1/17
 13769 | IceCv    | Noticed a death yak
 13769 | IceCv    | Noticed a death yak
 13769 | IceCv    | Noticed a death yak
 13770 | IceCv    | Killed a death yak
 13772 | IceCv    | Killed a death yak
 13773 | IceCv    | Reached skill level 10 in Dodging
 13773 | IceCv    | Killed a death yak
 13774 | IceCv    | Reached skill level 1 in Invocations
 13774 | IceCv    | Reached skill level 1 in Evocations
 13799 | IceCv    | Noticed a frost giant
 13825 | IceCv    | HP: 2/58 [frost giant/+1 battleaxe of freezing (39)]
 13825 | IceCv    | Slain by a frost giant
 13826 | IceCv    | Reached XP level 11. HP: -3/54 MP: 12/16
 13965 | IceCv    | Killed a frost giant
 14538 | Lair:1   | Reached ***** piety under Dithmenos
 14539 | Lair:1   | Reached skill level 14 in Stealth
 15068 | Lair:2   | HP: 1/54 [dream sheep[a torpor snail] (5)]
 15069 | Lair:2   | Slain by a dream sheep
 15070 | Lair:2   | Reached XP level 10. HP: -3/51 MP: 15/15
 15164 | Lair:2   | Reached XP level 11. HP: 43/54 MP: 7/16
 15199 | Lair:2   | Reached skill level 5 in Evocations
 15536 | Lair:2   | Reached skill level 5 in Invocations
 15745 | Lair:2   | Found a hole to the Spider Nest.
 15745 | Lair:2   | Noticed an orb spider
 15936 | Lair:2   | Reached skill level 15 in Stealth
 16176 | Lair:2   | Learned a level 3 spell: Swiftness
 16177 | Lair:3   | Noticed a skyshark
 16183 | Lair:3   | Killed a skyshark
 16186 | Lair:3   | Noticed a catoblepas
 16222 | Lair:3   | Noticed a five-headed hydra
 16224 | Lair:3   | Noticed a lindwurm
 16415 | Lair:3   | Reached skill level 1 in Air Magic
 16427 | Lair:3   | Demolished by a catoblepas

Illustrated notes

Levels and vault maps discovered:
D:1:      minmay_arrival_four_houses, layout_loops_ring
D:2:      layout_loops_cross
D:3:      layout_basic, worldfamousw_hep_ancestral_shrine,
          lemuel_coloured_pillars_altar, serial_shops, shop, uniq_jessica
D:4:      layout_basic, overflow_temple_1_default, serial_shops,
          nicolae_shop_bloodbath_and_beyond, nicolae_shop_peninsula
D:5:      layout_loops_cross, serial_shops, shop, minmay_misc_feat_nine_boxes,
          dreamdust_princess_corridor
D:6:      layout_rooms, cheibrodos_ashenzari_chains, makhleb_altar_promises_db,
          minmay_temple_entry_ruins, gammafunk_ghost_split,
          kennysheep_flooded_box
D:7:      layout_gridville, kennysheep_mini, grunt_gozag_statues,
          uniq_prince_ribbit1, uniq_pikel
D:8:      layout_loops_ring, kennysheep_doodads,
          minmay_guarded_unrand_variability, uniq_grum, uniq_erica
D:9:      layout_irregular_city, dpeg_lair_monsters, david_orc_5,
          serial_column_ruins, column_ruins_hut, column_ruins_circle_medium,
          column_ruins_columns_corner, column_ruins_corridor_corner,
          column_ruins_open_tiny, column_ruins_grid_2, column_ruins_grid_1,
          column_ruins_grid_1
D:10:     layout_small_grid, lemuel_crystal_altar, uniq_psyche
D:11:     minmay_complete_graph, layout_irregular_city,
          amcnicky_mini_corridor_feature
Temple:   eino_narrow_crystal_temple
Lair:1:   layout_gridlike, portal_ice_cave_entry_ice_simulacra,
          serial_bayou_shore_a
Lair:2:   layout_roguey, nicolae_spider_entry_orb_guardian, grunt_megastairs_3
Lair:3:   layout_layer_cave, minmay_shoals_entry_hut, grunt_forest_stairs_basic,
          nicolae_quartered_pool_impasse, hellmonk_guarded_unrand_vines,
          uniq_nergalle

Skill      XL: |  1  2  3  4  5  6  7  8  9 10 11 12 |
---------------+-------------------------------------+-----
Stealth        | 6 9 11 13 15 | 15.1
Fighting       | 1 3 4 5 7 9 10 | 10.0
Hexes          | 5 6 11 12 | 12.0
Unarmed Combat | 2 3 4 7 8 10 | 10.0
Spellcasting   | 3 |  3.0
Ice Magic      | 2 |  2.0
Translocations | 3 |  3.0
Dodging        | 3 9 10 | 10.0
Invocations    | 4 5 1 |  5.5
Evocations     | 6 1 |  6.2
Air Magic      | 1 |  1.0

Action                     |  1- 3 |  4- 6 |  7- 9 | 10-12 || total
---------------------------+-------+-------+-------+-------++-------
  Melee: Unarmed           |   116 |   164 |   163 |   686 ||  1129
         Bite              |    12 |    17 |    20 |   104 ||   153
         Punch             |     2 |     6 |     5 |    57 ||    70
   Cast: Ensorcelled Hiber |     2 |    23 |    58 |   158 ||   241
         Confusing Touch   |       |     1 |     3 |    19 ||    23
         Dazzling Flash    |       |       |       |    18 ||    18
         Tukima's Dance    |       |       |       |     8 ||     8
         Blink             |       |       |       |     1 ||     1
  Evoke: Wand              |       |     5 |       |     3 ||     8
         Phantom mirror    |       |       |       |     1 ||     1
    Use: Potion            |       |     1 |       |     2 ||     3
         Scroll            |       |       |       |    18 ||    18
   Stab: Sleeping          |    17 |    22 |    35 |   103 ||   177
         Distracted        |       |     3 |     3 |     5 ||    11
         Confused          |       |       |     2 |    11 ||    13
         Invisible         |       |       |       |    13 ||    13
 Armour: Skin              |     2 |     6 |     6 |    55 ||    69
  Dodge: Dodged            |    86 |   111 |   140 |   766 ||  1103
